cohdb
Replays
Latest Replays
All Replays
Popular Replays
Top Player Replays
Match Explorer
How It Works
Community
CoH3 Stats
Reddit
Sign in to upload your games and track your stats! →
Sign in with Steam
Match 41410729
Unlisted
Match 41410729
Overview
Messages
Build Orders
End
Construct Barracks
Scout Squad
Riflemen Squad
M1 Mortar Team
Riflemen Squad
Riflemen Squad
Construct Medical Station
Mechanized Support Center
Construct Tank Depot
Riflemen Squad
Construct Weapon Support Center
Sniper
M4A1 Sherman Medium Tank
Bazooka Squad
Bazooka Squad
M4A1 Sherman Medium Tank
M4A1 76mm Conversion
Selects Armored Battlegroup
Selects Veteran Crews
Selects M31 Recovery Vehicle
Selects Strength in Steel
Selects War Machine
Selects M8 Scott SPG
Selects Seek and Destroy
M4A1(76) Sherman Medium Tank
Engineer Squad
Improvised Armor
Engineer Squad
Selects M4A3E8 Sherman Combat Group
Designate Forward Repair Station
Microsoft Outlook
deadsadbadmad
Advisor
HardyStyled
0
0
Comments
sign in to comment!
No comments posted yet!